 Dungeon Crawl Stone Soup version 0.30-a0-263-ge22c4ad894 (webtiles) character file.

Game seed: 7387049598063144829

3747 Flugkiller the Nimble (level 10, 0/47 HPs)
             Began as an Octopode Delver on Oct 13, 2022.
             Was a Plaything of Xom.
             Slain by a wraith (7 damage)
             ... on level 8 of the Dungeon.
             The game lasted 00:09:53 (6757 turns).

Flugkiller the Nimble (Octopode Delver)             Turns: 6757, Time: 00:09:54

Health: 0/47       AC:  2    Str: 12 (13) XL:     10   Next: 15%
Magic:  9/17       EV: 17    Int: 21 (22) God:    Xom [*.....]
Gold:   409        SH:  0    Dex: 13      Spells: 10/16 levels left

rFire   . . .      SeeInvis +    j - +2 dagger (elec)
rCold   + . .      Faith    .    (no shield)
rNeg    . . .      Spirit   .    (helmet restricted)
rPois   +          Reflect  .    (no amulet)
rElec   .          Harm     .    m - ring of willpower
rCorr   .          Rampage  .    i - ring of see invisible
Will    +....                    p - ring of protection from cold
Stlth   ++++......               o - ring of poison resistance
HPRegen 0.27/turn                G - +6 ring of intelligence
MPRegen 0.15/turn                L - +6 ring of intelligence
                                 (no ring)
                                 (no ring)

@: slowed, very slow
A: almost no armour, amphibious, 8 rings, camouflage 1, gelatinous body 1,
(nimble swimmer 1), tentacles, clumsy 2, deterioration 1, dopey 1, frail 3, high
MP 1, shaggy fur 1
a: Renounce Religion


You were on level 8 of the Dungeon.
You worshipped Xom.
You were a special plaything of Xom.
You visited 1 branch of the dungeon, and saw 9 of its levels.

You collected 409 gold pieces.

Inventory:

Hand Weapons
 a - a +0 short sword
 d - a +0 quarterstaff
   (You found it on level 4 of the Dungeon)
 j - a +2 dagger of electrocution (weapon)
   (You took it off a kobold on level 1 of the Dungeon)
 y - a +0 rapier
   (You found it on level 4 of the Dungeon)
 J - a +0 long sword
   (You took it off an orc warrior on level 7 of the Dungeon)
 K - a +0 antimagic long sword
   (You found it on level 8 of the Dungeon)
Missiles
 g - 15 poisoned darts (quivered)
 I - a throwing net
Armour
 x - a +0 kite shield
   (You found it on level 4 of the Dungeon)
Jewellery
 i - a ring of see invisible (right tentacle)
   (You found it on level 3 of the Dungeon)
 m - a ring of willpower (left tentacle)
   (You found it on level 1 of the Dungeon)
 o - a ring of poison resistance (on tentacle)
   (You found it on level 5 of the Dungeon)
 p - a ring of protection from cold (on tentacle)
   (You took it off a goblin on level 2 of the Dungeon)
 G - a +6 ring of intelligence (on tentacle)
   (You found it on level 6 of the Dungeon)
 L - a +6 ring of intelligence (on tentacle)
   (You found it on level 8 of the Dungeon)
Wands
 f - a wand of digging (3)
 r - a wand of iceblast (10)
   (You found it on level 8 of the Dungeon)
 v - a wand of flame (5)
   (You found it on level 5 of the Dungeon)
 C - a wand of light (3)
   (You took it off Pikel on level 4 of the Dungeon)
Scrolls
 b - 5 scrolls of fog
 c - 6 scrolls of magic mapping
 e - a scroll of fear
 k - a scroll of torment
 t - 4 scrolls of teleportation
 w - 2 scrolls of poison
 z - a scroll of blinking
 F - 2 scrolls of amnesia
Potions
 h - a potion of haste
 l - 2 potions of cancellation
 n - a potion of resistance
 q - a potion of curing
 s - a potion of flight
 u - a potion of berserk rage
 A - 4 potions of mutation
 B - 4 potions of attraction
 D - a potion of magic
 E - 2 potions of invisibility
 H - a potion of ambrosia


   Skills:
 - Level 6.0 Fighting
 - Level 6.0 Short Blades
 + Level 10.1 Dodging
 - Level 6.6 Stealth
 + Level 3.6 Spellcasting
 - Level 2.0 Conjurations
 - Level 2.0 Air Magic
 - Level 2.0 Poison Magic
 - Level 4.0 Evocations


You had 10 spell levels left.
You knew the following spells:

 Your Spells              Type           Power      Damage    Failure   Level
a - Mephitic Cloud        Conj/Pois/Air  12%        N/A       17%         3
b - Call Canine Familiar  Summ           3%         N/A       36%         3

Your spell library contained the following spells:

 Spells                   Type           Power      Damage    Failure   Level
 Magic Dart               Conj           48%        1d5       5%          1
 Foxfire                  Conj/Fire      32%        2x1d5     9%          1
 Sting                    Tmut/Pois      32%        1d4       9%          1
 Cigotuvi's Dreadful Rot  Necr/Pois/Air  18%        N/A       11%         2
 Call Imp                 Summ           3%         N/A       19%         2
 Portal Projectile        Hex/Tloc       6%         N/A       36%         3
 Dispel Undead            Necr           3%         3d7       77%         4
 Leda's Liquefaction      Hex/Erth       1%         N/A       77%         4
 Fireball                 Conj/Fire      4%         3d4       93%         5
 Death Channel            Necr           1%         N/A       100%        6
 Starburst                Conj/Fire      4%         6d3       100%        6


Dungeon Overview and Level Annotations

Branches:
Dungeon (9/15) Zot: 26979  Temple (0/1) D:6
   Lair: D:8-11         Orc: D:9-12

Altars:
Ashenzari
Kikubaaqudgha
Sif Muna
Xom
Yredelemnul
Zin

Shops:
D:5 [   D:6 [

Annotations:
D:6 2 runed translucent doors, WhatIsLove's ghost, novice TeAE


Innate Abilities, Weirdness & Mutations

You cannot wear most types of armour.
You are amphibious.
You can wear up to eight rings at the same time.
Your skin changes colour to match your surroundings (Stealth+).
Your rubbery body absorbs attacks. (AC +1, EV +1)
((You are camouflaged when in or above water. (Stealth+)))
You have tentacles for arms and can constrict up to eight enemies at once.
You are very clumsy. (Dex -4)
Your body sometimes deteriorates upon taking damage.
You are dopey. (Int -2)
You are extremely frail. (-30% HP)
You have an increased reservoir of magic. (+10% MP)
You are covered in fur. (AC +1)


Message History

The killer bee is engulfed in noxious fumes.
Casting: Mephitic Cloud (dangerous; 17% risk of failure)
Confirm with . or Enter, or press ? or * to list all spells.
Aiming: Mephitic Cloud (dangerous; 17% risk of failure)
Press: ? - help, Shift-Dir - straight line, f - killer bee
Aim: a killer bee (chance to affect: 86%)
The ball explodes into a vile cloud!
The stinking cloud engulfs the killer bee but does no damage. x3
The killer bee is engulfed in noxious fumes.
The killer bee appears confused.
The killer bee is engulfed in noxious fumes.
The killer bee appears confused.
The killer bee is engulfed in noxious fumes.
The killer bee appears confused.
The killer bee is engulfed in noxious fumes.
The killer bee appears confused.
The killer bee is engulfed in noxious fumes.
The killer bee appears confused.
The killer bee barely misses the killer bee.
Casting: Mephitic Cloud (dangerous; 17% risk of failure)
Confirm with . or Enter, or press ? or * to list all spells.
Aiming: Mephitic Cloud (dangerous; 17% risk of failure)
Press: ? - help, Shift-Dir - straight line, p - killer bee The ball explodes into a vile cloud!
The stinking cloud engulfs the killer bee but does no damage. x2
The killer bee is engulfed in noxious fumes.
The killer bee appears confused.
The killer bee stings you.
The killer bee is engulfed in noxious fumes.
The killer bee appears confused.
The killer bee is engulfed in noxious fumes.
The killer bee appears confused.
The killer bee completely misses you.
Xom thinks this is hilarious!
The killer bee barely misses itself.
The killer bee stings itself!
The killer bee is engulfed in noxious fumes.
The killer bee appears confused.
You hit the killer bee.
Lightning courses through the killer bee!
You grab the killer bee. You squeeze the killer bee.
You kill the killer bee!
The killer bee is engulfed in noxious fumes.
The killer bee appears confused.
The killer bee barely misses the killer bee.
The killer bee completely misses itself.
The killer bee is engulfed in noxious fumes.
The killer bee appears confused.
You catch the helpless killer bee completely off-guard!
You impale the killer bee!!
You kill the killer bee!
A wraith comes into view.
The killer bee is engulfed in noxious fumes.
The killer bee appears confused.
You hit the killer bee. You grab the killer bee. You squeeze the killer bee!
You kill the killer bee!
The killer bee misses you.
You hit the killer bee. You grab the killer bee.
You squeeze the killer bee, but do no damage.
The killer bee is moderately wounded.
You constrict the killer bee, but do no damage.
The killer bee escapes!
The killer bee seems less confused.
The killer bee stings you.
You hit the wraith but do no damage. You squeeze the wraith!
The wraith is moderately damaged.
The killer bee barely misses you.
The killer bee barely misses itself.
The wraith hits you! The wraith drains your vigour!
You feel yourself slow down. The killer bee closely misses you.
You hit the wraith. Lightning courses through the wraith!
Your squeeze misses the wraith.
The wraith is severely damaged.
The killer bee misses you. The wraith misses you.
The killer bee barely misses you. The killer bee stings you.
The killer bee barely misses you. The killer bee stings you!
Your body deteriorates!
You feel weakened. The wraith misses you.
The killer bee attacks as you move away!
The killer bee completely misses you.
The killer bee closely misses itself.
The killer bee stings you. x2
You are poisoned.
The killer bee poisons you!
There is a stone staircase leading up, spattered with blood here.
You feel very sick.
Xom makes a sudden noise!
You hear a flourish of trumpets!
You hear a shout! x2
The killer bee stings you.
* * * LOW HITPOINT WARNING * * *
The killer bee barely misses the killer bee.
The killer bee stings you.
* * * LOW HITPOINT WARNING * * *
The wraith closely misses you.
The killer bee barely misses itself.
The killer bee closely misses you. The wraith misses you.
You climb upwards.
* * * LOW HITPOINT WARNING * * *
You feel very sick.
There is a stone staircase leading down here.
You feel better. The killer bee stings you.
* * * LOW HITPOINT WARNING * * *
The killer bee closely misses you. The wraith hits you!
You die...
Xom bursts into laughter!

#### #.....# ...##
##.###.#
##..#####..# #.#
##........###.###
#######..##....#
#########........#
.....##...##.>...#
####..>.##.....Wy#
........##.##...@#
#######..#.##....#
########...##....#
...o...#.#.......#
#######..####....#
#######.## ####.##
.....##.# #..#####
####.##.# #......#
##
#.##.########......#


You could see a wraith and a killer bee.

Vanquished Creatures
  Pikel (D:4)
  A hornet (D:6)
  A wyvern (D:8)
  2 water moccasins
  3 black bears
  3 orc warriors
  3 ice beasts
  A sky beast (D:6)
  A centaur (D:7)
  Blork the orc (D:4)
  A bullfrog (D:7)
  2 necrophages (D:5)
  A scorpion (D:6)
  6 killer bees
  2 jellies (D:7)
  5 orc priests
  5 hounds
  Jessica (D:2)
  Natasha (thrice) (D:4)
  3 iguanas
  7 orc wizards
  7 adders
  A shadow imp (D:5)
  3 white imps (D:6)
  An ufetubus (D:4)
  A dart slug (D:1)
  27 orcs
  10 endoplasms
  4 giant cockroaches
  10 goblins
  6 hobgoblins
  5 jackals
  6 quokkas
  7 ball pythons
  3 bats
  4 frilled lizards
  6 kobolds
  4 rats
158 creatures vanquished.

Vanquished Creatures (others)
  Maggie (D:8)
  7 fungi (D:5)
8 creatures vanquished.

Grand Total: 166 creatures vanquished

Notes
Turn   | Place    | Note
-------+----------+-------------------------------------------
     0 | D:5      | Flugkiller the Octopode Delver began the quest for the Orb.
     0 | D:5      | Reached XP level 1. HP: 16/16 MP: 1/1
     6 | D:5      | Noticed an ice beast
    36 | D:5      | Found Uskuytenih's Armour Shoppe.
    93 | D:5      | Noticed a lemure
   150 | D:4      | Reached skill level 3 in Dodging
   150 | D:4      | Reached XP level 2. HP: 21/21 MP: 2/2
   507 | D:1      | Reached XP level 3. HP: 21/26 MP: 3/3
   935 | D:1      | Reached skill level 4 in Dodging
  1231 | D:2      | Found a shimmering altar of Xom.
  1311 | D:2      | Reached XP level 4. HP: 31/31 MP: 4/4
  1409 | D:2      | Found a faded altar of an unknown god.
  1673 | D:2      | Noticed Jessica
  1686 | D:2      | Killed Jessica
  2131 | D:3      | Reached skill level 5 in Dodging
  2131 | D:3      | Reached XP level 5. HP: 31/36 MP: 5/5
  2488 | D:4      | Reached XP level 6. HP: 43/43 MP: 6/6
  2556 | D:4      | Noticed a black bear
  2622 | D:4      | Noticed Natasha
  2628 | D:4      | Killed a black bear
  2646 | D:4      | Killed Natasha
  2769 | D:4      | Noticed a black bear
  2847 | D:4      | Noticed Natasha
  2857 | D:4      | Killed Natasha
  2861 | D:4      | Reached XP level 7. HP: 31/48 MP: 7/7
  2990 | D:4      | Reached skill level 6 in Dodging
  3275 | D:4      | Noticed Natasha
  3298 | D:4      | Killed Natasha
  3393 | D:4      | Noticed Blork the orc
  3411 | D:4      | Killed Blork the orc
  3418 | D:4      | Reached skill level 7 in Dodging
  3604 | D:5      | Noticed Pikel
  3604 | D:5      | Found a shimmering altar of Xom.
  3604 | D:5      | Found a basalt altar of Yredelemnul.
  3612 | D:4      | Killed Pikel
  3613 | D:4      | Reached skill level 5 in Fighting
  3613 | D:4      | Reached skill level 5 in Short Blades
  3613 | D:4      | Reached XP level 8. HP: 17/55 MP: 8/8
  3750 | D:4      | Reached skill level 1 in Evocations
  3768 | D:5      | Became a worshipper of Xom of Chaos
  3779 | D:5      | Identified the +1 pair of gloves "Ecufatif" {rN+ Int-2
                  | Dex+2 SInv}
  4144 | D:5      | XOM: confuse monster(s)
  4288 | D:6      | Found a runed translucent door.
  4290 | D:6      | Noticed WhatIsLove's ghost (novice TeAE)
  4326 | D:6      | Found Oduaschy's Armour Emporium.
  4343 | D:6      | Found a staircase to the Ecumenical Temple.
  4441 | D:6      | Noticed a hornet
  4472 | D:6      | XOM: polymorph water moccasin -> sky beast
  4599 | D:6      | XOM: scenery: summon butterflies
  4606 | D:6      | Reached skill level 8 in Dodging
  4606 | D:6      | Reached XP level 9. HP: 52/61 MP: 9/9
  4827 | D:6      | Killed a hornet
  4828 | D:6      | Reached skill level 9 in Dodging
  4983 | D:6      | XOM: silly message
  5027 | D:6      | Found an ancient bone altar of Kikubaaqudgha.
  5037 | D:6      | Found a glowing silver altar of Zin.
  5067 | D:6      | Found a broken altar of Ashenzari.
  5122 | D:6      | Learned a level 3 spell: Mephitic Cloud
  5126 | D:6      | Learned a level 3 spell: Call Canine Familiar
  5258 | D:6      | Found a runed translucent door.
  5340 | D:7      | Reached skill level 1 in Air Magic
  5340 | D:7      | Reached skill level 1 in Poison Magic
  5382 | D:7      | Reached skill level 1 in Spellcasting
  5382 | D:7      | Reached skill level 1 in Conjurations
  5649 | D:7      | XOM: give mutations
  5649 | D:7      | Gained mutation: You are clumsy. (Dex -2) [Xom's mischief]
  5649 | D:7      | Gained mutation: You are frail. (-10% HP) [Xom's mischief]
  5649 | D:7      | Gained mutation: You occasionally lose the ability to drink
                  | potions when taking damage. [Xom's mischief]
  5649 | D:7      | Gained mutation: You are dopey. (Int -2) [Xom's mischief]
  5763 | D:7      | Identified the +2 ring mail of Loss {rC+ rCorr Str+3}
  5796 | D:7      | XOM is BORED!
  5796 | D:7      | XOM: summons 5 hostile demons
  6071 | D:8      | XOM: give mutations
  6071 | D:8      | Gained mutation: You are very clumsy. (Dex -4) [Xom's
                  | mischief]
  6071 | D:8      | Lost mutation: You occasionally lose the ability to drink
                  | potions when taking damage. [Xom's mischief]
  6071 | D:8      | Gained mutation: You are covered in fur. (AC +1) [Xom's
                  | mischief]
  6158 | D:8      | XOM: 3-stop teleportation journey
  6159 | D:8      | Noticed Maggie
  6164 | D:8      | XOM: confusion
  6187 | D:7      | XOM: noise
  6308 | D:8      | Killed Maggie
  6309 | D:8      | Reached XP level 10. HP: 33/61 MP: 12/14
  6379 | D:7      | XOM: give mutations
  6379 | D:7      | Gained mutation: You are very frail. (-20% HP) [Xom's
                  | mischief]
  6379 | D:7      | Gained mutation: Your body sometimes deteriorates upon
                  | taking damage. [Xom's mischief]
  6379 | D:7      | Gained mutation: You are extremely frail. (-30% HP) [Xom's
                  | mischief]
  6379 | D:7      | Gained mutation: You have an increased reservoir of magic.
                  | (+10% MP) [Xom's mischief]
  6388 | D:8      | XOM: enchant monster (good)
  6458 | D:8      | Reached skill level 10 in Dodging
  6636 | D:8      | Found a shimmering blue altar of Sif Muna.
  6655 | D:8      | Got Sif Muna's Lessons on Contamination
  6755 | D:9      | XOM: noise
  6756 | D:8      | HP: 2/47 [poisoned by a killer bee]
  6757 | D:8      | Slain by a wraith

Illustrated notes

Levels and vault maps discovered:
D:1:      sevenhm_arrival_forest_fort_large_2, layout_loops_ring,
          kennysheep_decorative_pillar, skrybe_limestone_x
D:2:      layout_basic, ebering_ecumenical_altar_mist, basic_altar, uniq_jessica
D:3:      layout_rooms
D:4:      layout_basic, nrook_mini_backslash, minmay_misc_feat_pillars,
          grunt_ministairs_7, minmay_diced_spiral, uniq_natasha,
          uniq_blork_the_orc
D:5:      layout_basic, mainiacjoe_overflow_catch_the_wave, serial_shops,
          nicolae_shop_stone, portal_sewer_entry_d,
          nicolae_elevator_lobby_asterisk, uniq_pikel
D:6:      layout_basic, mainiacjoe_overflow_six_doors_small,
          mainiacjoe_overflow_big_doors, temple_fountains,
          ebering_ghost_sewer_f, serial_shops, nicolae_square_shop,
          minmay_chambers_of_fives
D:7:      layout_gridville
D:8:      layout_rooms, led_sif_book, minmay_misc_feat_roman, uniq_maggie
D:9:      layout_cave_pods, uniq_joseph

Skill      XL: |  1  2  3  4  5  6  7  8  9 10 |
---------------+-------------------------------+-----
Dodging        | 3 4 5 7 8 9 10 | 10.1
Short Blades   | 3 4 5 6 |  6.0
Fighting       | 4 5 6 |  6.0
Evocations     | 4 |  4.0
Air Magic      | 2 |  2.0
Poison Magic   | 2 |  2.0
Spellcasting   | 2 3 |  3.6
Conjurations   | 2 |  2.0
Stealth        | |  6.6

Action                   |  1- 3 |  4- 6 |  7- 9 | 10-12 || total
-------------------------+-------+-------+-------+-------++-------
Melee: Short sword       |    53 |       |       |       ||    53
       Tentacles         |    16 |    13 |    35 |    12 ||    76
       Constrict         |    16 |    20 |    39 |     9 ||    84
       Punch             |     1 |     2 |     3 |     2 ||     8
       Dagger            |    19 |    93 |   191 |    28 ||   331
Throw: Dart              |       |     4 |    10 |       ||    14
 Cast: Mephitic Cloud    |       |       |       |     4 ||     4
Evoke: Wand              |       |       |     7 |       ||     7
  Use: Scroll            |     1 |       |    18 |       ||    19
       Potion            |     1 |       |     2 |     1 ||     4
 Stab: Sleeping          |    15 |    10 |    11 |       ||    36
       Distracted        |       |       |     2 |       ||     2
       Invisible         |       |       |     1 |       ||     1
       Confused          |       |       |       |     2 ||     2
       Paralysed         |       |       |       |     1 ||     1
Armor: Skin              |     5 |     4 |     4 |       ||    13
Dodge: Dodged            |    39 |    57 |   101 |    23 ||   220

Table legend: (Time is in decaauts)
 A = Elapsed time spent in this place.
 B = Non-inter-level travel time spent in this place.
 C = Inter-level travel time spent in this place.
 D = Time resting spent in this place.
 E = Time spent auto-exploring this place.
 F = Levels seen in this place.
 G = Mean time per level.
                   A        B        C        D        E       F      G
               +--------+--------+--------+--------+--------+-----+--------+
         Total |   6665 |   6325 |    340 |   1146 |   3557 |   9 |  740.6 |
       Dungeon |   6665 |   6325 |    340 |   1146 |   3557 |   9 |  740.6 |
               +--------+--------+--------+--------+--------+-----+--------+

Top non-repeatable levels by time:
     D:4: 1283 daAuts
     D:6: 1026 daAuts
     D:2: 1014 daAuts
     D:1: 724 daAuts
     D:5: 707 daAuts
     D:7: 703 daAuts
     D:8: 643 daAuts
     D:3: 545 daAuts
     D:9: 16 daAuts
